 Dungeon Crawl Stone Soup version 0.21.1-1-g345015fe64 (webtiles) character file.

51 Ivernyr the Skirmisher (level 3, 0/20 HPs)
             Began as a Vine Stalker Monk on June 9, 2018.
             Slain by an adder (1 damage)
             ... on level 3 of the Dungeon.
             The game lasted 00:06:25 (1526 turns).

Ivernyr the Skirmisher (Vine Stalker Monk)          Turns: 1526, Time: 00:06:25

Health: 0/20       AC:  3    Str: 13    XL:     3   Next: 83%
Magic:  0/4        EV: 13    Int: 10    God:
Gold:   125        SH:  0    Dex: 17    Spells: 2/2 levels left

rFire    . . .     SeeInvis .   a - +0 falchion
rCold    . . .     Gourm    .   (no shield)
rNeg     . . .     Faith    .   b - +0 robe
rPois    .         Spirit   +   (no helmet)
rElec    .         Reflect  .   (no cloak)
rCorr    .         Harm     .   d - +0 pair of gloves
MR       .....                  (no boots)
Stlth    ++........             (no amulet)
HPRegen  0.06/turn              (no ring)
MPRegen  0.09/turn              (no ring)

@: lethally poisoned (0 -> -13)
A: fangs 2, magic shield, antimagic bite, no potion heal 3, rot immunity
a: no special abilities


You were on level 3 of the Dungeon.
You were very hungry.

You visited 1 branch of the dungeon, and saw 3 of its levels.

You collected 125 gold pieces.

Inventory:

Hand Weapons
 a - a +0 falchion (weapon)
Missiles
 f - 11 poisoned needles
 h - 8 tomahawks (quivered)
Armour
 b - a +0 robe (worn)
 d - a +0 pair of gloves (worn)
Scrolls
 e - 2 scrolls of remove curse {unknown}
 g - 2 scrolls of identify {unknown}
 i - a scroll of enchant weapon {unknown}
 j - a scroll of amnesia {unknown}
Potions
 k - a potion of agility {unknown}
Comestibles
 c - 4 rations


   Skills:
 + Level 3.0 Fighting
 + Level 3.0 Long Blades
 * Level 1.7 Throwing
 + Level 1.0 Armour
 - Level 2.4 Dodging
 - Level 2.4 Stealth


You had 2 spell levels left.
You didn't know any spells.

Dungeon Overview and Level Annotations

Branches:
Dungeon (2/15)

Altars:


Innate Abilities, Weirdness & Mutations

You have extremely sharp teeth.
When hurt, damage is shared between your health and your magic reserves.
Your bite disrupts and absorbs the magic of your enemies.
Potions cannot restore your health.
You are immune to rotting.


Message History

* * * LOW HITPOINT WARNING * * *
You feel sick. The adder misses you.
You riposte.
You hit the adder but do no damage. Your bite misses the adder.
The adder is almost dead.
The orc misses you.
You riposte.
You closely miss the orc.
An orc comes into view. It is wielding a flail.
The orc shouts!
You bite the orc, but do no damage. You miss the adder.
Your bite misses the adder.
The adder is almost dead.
* * * LOW HITPOINT WARNING * * *
You feel sick. The adder misses you. The orc closely misses you.
The adder closely misses you.
An orc comes into view. It is wielding a short sword.
Unknown command.
You closely miss the adder.
The adder is almost dead.
* * * LOW HITPOINT WARNING * * *
You feel sick. The adder bites you.
You die...

#. #.
#.########
#........#
#........#
##.#........###
....$..........
#...@o...#
#...S....#
#........#
#.#...o###
#.#.##.# # ..
o# .. .. o##
.##


You could see an adder and 4 orcs.

Vanquished Creatures
  An adder (D:2)
  A worm (D:2)
  A dart slug (D:1)
  3 leopard geckos
  2 giant cockroaches (D:1)
  4 hobgoblins
  7 jackals
  A quokka (D:2)
  2 bats (D:1)
  A frilled lizard (D:1)
  3 goblins
  5 kobolds
  A rat (D:1)
32 creatures vanquished.

Notes
Turn   | Place    | Note
-------+----------+-------------------------------------------
     0 | D:1      | Ivernyr the Vine Stalker Monk began the quest for the Orb.
     0 | D:1      | Reached XP level 1. HP: 11/11 MP: 2/2
   248 | D:1      | Reached XP level 2. HP: 13/16 MP: 3/3
   505 | D:1      | Reached skill level 1 in Throwing
   924 | D:2      | Reached XP level 3. HP: 19/19 MP: 4/4
  1400 | D:2      | Reached skill level 1 in Armour
  1514 | D:2      | You fall through a shaft!
  1526 | D:3      | HP: 1/20 [poisoned by an adder]
  1526 | D:3      | Slain by an adder

Skill      XL: |  1  2  3 |
---------------+----------+-----
Throwing       | 1 |  1.7
Fighting       | 3 |  3.0
Long Blades    | 3 |  3.0
Armour         | 1 |  1.0
Dodging        | |  2.4
Stealth        | |  2.4

Action                   || total
-------------------------++-------
Melee: Falchion          ||   106
       Bite              ||    27
 Stab: Sleeping          ||     2
  Eat: Chunk             ||     1
Armor: Robe              ||    18
Dodge: Dodged            ||    70
       Rpst.: Falchion   ||    25
